 Dungeon Crawl Stone Soup version 0.27-a0-1217-g8a41f320e8 (webtiles) character file.

Game seed: 8365436584063417698

644 dickylongcocking the Skirmisher (level 7, -3/56 HPs)
             Began as a Djinni Fire Elementalist on June 6, 2021.
             Killed by nerve-wracking pain
             ... invoked by Menkaure
              (11 damage)
             ... on level 4 of the Dungeon.
             The game lasted 00:05:36 (6016 turns).

dickylongcocking the Skirmisher (DjFE)              Turns: 6016, Time: 00:05:36

Health: -3/56      AC:  3    Str:  7    XL:     7   Next: 81%
Gold:   136        EV: 12    Int: 18    God:
                   SH:  0    Dex: 14

rFire    + + .     SeeInvis .   k - +0 rapier
rCold    x . .     Faith    +   (no shield)
rNeg     . . .     Spirit   .   a - +0 robe
rPois    ∞         Reflect  .   n - +0 helmet
rElec    .         Harm     .   (no cloak)
rCorr    +         Rampage  .   (no gloves)
Will     .....                  (boots unavailable)
Stlth    ++........             c - amulet of faith
HPRegen  0.18/turn              s - ring of resist corrosion
MPRegen  0.00/turn              (no ring)

@: flying, very slightly contaminated
A: sickness immunity, fire resistance 2, cold vulnerability 1, float, innate
caster, hp casting, extra vitality 1
a: no special abilities


You were on level 4 of the Dungeon.
You visited 1 branch of the dungeon, and saw 4 of its levels.

You collected 136 gold pieces.

Inventory:

Hand Weapons
 e - a +0 dagger
 f - a +0 dagger
 k - a +0 rapier (weapon)
Armour
 a - a +0 robe (worn)
 n - a +0 helmet (worn)
Jewellery
 c - an amulet of faith (around neck)
 s - a ring of resist corrosion (left hand)
Scrolls
 b - a scroll of silence {unknown}
 d - 3 scrolls of identify {unknown}
 g - a scroll of holy word {unknown}
 i - 5 scrolls of teleportation
 l - a scroll of fog {unknown}
 p - a scroll of amnesia {unknown}
Potions
 h - a potion of might
 j - a potion of resistance
 m - a potion of degeneration {unknown}
 o - a potion of cancellation
 r - a potion of invisibility {unknown}


   Skills:
 * Level 6.1 Fighting
 - Level 2.2 Dodging
 - Level 1.6 Stealth
 + Level 4.3 Spellcasting


You couldn't memorise any spells.
You knew the following spells:

 Your Spells              Type           Power      Damage    Failure   Level
a - Foxfire               Conj/Fire      76%        2x1d7     2%          1
b - Conjure Flame         Conj/Fire      19%        6-21      7%          3
c - Inner Flame           Hex/Fire       19%        N/A       7%          3
d - Sticky Flame          Conj/Fire      19%        2d4       24%         4
e - Fireball              Conj/Fire      9%         3d6       54%         5
f - Freeze                Ice            76%        1d9       2%          1
g - Passwall              Tmut/Erth      15%        N/A       3%          2
h - Poisonous Vapours     Pois/Air       38%        N/A       3%          2
Your spell library was empty.

Dungeon Overview and Level Annotations

Branches:
Dungeon (4/15)
 Temple: D:4-7

Altars:
Ashenzari
Gozag
Kikubaaqudgha
Vehumet

Annotations:
D:4 Menkaure


Innate Abilities, Weirdness & Mutations

You are immune to sickness and miasma.
You are immune to poison.
Your flesh is very heat resistant. (rF++)
You are vulnerable to cold. (rC-)
You float through the air rather than walking.
You learn spells naturally, not from books.
Your magical power is your life essence.
You have superior vitality. (+4 HP)


Message History

The spell is extremely dangerous to cast (54% risk of failure)!
Continue anyway?
Okay, then.
Menkaure calls on the powers of darkness!
Your body is wracked with pain!
Casting: Fireball (extremely dangerous; 54% risk of failure)
Confirm with . or Enter, or press ? or * to list all spells.
Aiming: Inner Flame (dangerous; 7% risk of failure)
Press: ? - help, Shift-Dir - straight line, f/p - quokka
Aim: a quokka (severely wounded, chance to affect: 87%)
The quokka is filled with an inner flame.
The quokka closely misses you.
Unknown command.
Unknown command.
Okay, then.
The quokka barely misses you. The quokka bites you.
Unknown command.
Casting: Inner Flame (dangerous; 7% risk of failure)
Confirm with . or Enter, or press ? or * to list all spells.
The spell is quite dangerous to cast (24% risk of failure)!
Continue anyway?
Okay, then.
Unknown command.
Casting: Sticky Flame (quite dangerous; 24% risk of failure)
Confirm with . or Enter, or press ? or * to list all spells.
The spell is quite dangerous to cast (24% risk of failure)!
Continue anyway?
Aiming: Sticky Flame (quite dangerous; 24% risk of failure)
Press: ? - help, Shift-Dir - straight line, f/p - quokka
Aim: a quokka (severely wounded, inner flame, 100% to hit)
You miscast Sticky Flame.
You are very lightly contaminated with residual magic.
Sparks fly from your hands!
* * * LOW HITPOINT WARNING * * *
x2 The quokka closely misses you.
Unknown command.
Unknown command.
Unknown command.
Okay, then.
Okay, then.
Menkaure points at you and mumbles some strange words.
Pain shoots through your body!
You die...

..♣♣ #..####=####..# ...♣
#..##.....##..# ..♣
#..#.......#..# ♣♣♣
##..#.......#..#
#......._......#
###############..#.......#..#
...............Mr#.......#..#
.#########...##..##.....## .#
## ##.###.@####.### ###
#......... #.....#####
#######


You could see Menkaure (fast) and a quokka (inner flame).

Vanquished Creatures
  Sigmund (D:3)
  A steam dragon (D:4)
  A phantom (D:4)
  Blork the orc (D:4)
  Ijyb (D:2)
  4 gnolls (D:2)
  Robin (D:3)
  5 adders
  An adder skeleton (D:4)
  A worm (D:3)
  2 dart slugs
  3 orcs
  7 endoplasms
  5 giant cockroaches
  13 hobgoblins
  5 kobolds
  A quokka (D:4)
  2 ball pythons
  3 frilled lizards
  19 goblins
  6 rats (D:1)
83 creatures vanquished.

Vanquished Creatures (others)
  2 goblins (D:4)
  276 foxfires
  2 plants (D:3)
280 creatures vanquished.

Grand Total: 363 creatures vanquished

Notes
Turn   | Place    | Note
-------+----------+-------------------------------------------
     0 | D:1      | dickylongcocking the Djinni Fire Elementalist began the
                  | quest for the Orb.
     0 | D:1      | Reached XP level 1. HP: 15/15 MP: 0/0
   174 | D:1      | Found a faded altar of an unknown god.
   214 | D:1      | Reached XP level 2. HP: 7/21 MP: 0/0
   753 | D:1      | Reached skill level 1 in Fighting
   819 | D:1      | Reached XP level 3. HP: 26/27 MP: 0/0
   819 | D:1      | Learned a level 1 spell: Freeze
  1833 | D:2      | Reached skill level 2 in Fighting
  1833 | D:2      | Reached XP level 4. HP: 28/33 MP: 0/0
  2415 | D:3      | Noticed Robin
  2420 | D:3      | Killed Robin
  2423 | D:3      | Reached skill level 3 in Fighting
  2423 | D:3      | Reached XP level 5. HP: 25/40 MP: 0/0
  2423 | D:3      | Learned a level 2 spell: Passwall
  2470 | D:3      | Noticed Ijyb
  2475 | D:3      | Paralysed by Ijyb for 5 turns
  2484 | D:3      | Paralysed by Ijyb for 4 turns
  2832 | D:2      | Killed Ijyb
  3242 | D:3      | Found a broken altar of Ashenzari.
  3247 | D:3      | Saw a vision of the Swamp and the Spider Nest.
  3247 | D:3      | Noticed a hornet
  3247 | D:3      | Noticed a hornet
  3247 | D:3      | Noticed an alligator
  3247 | D:3      | Noticed a swamp drake
  3247 | D:3      | Noticed a swamp drake
  3249 | D:3      | Noticed a wolf spider
  3249 | D:3      | Noticed a wolf spider
  3484 | D:3      | Noticed Sigmund
  3539 | D:3      | Killed Sigmund
  3540 | D:3      | Reached skill level 4 in Fighting
  3540 | D:3      | Reached XP level 6. HP: 39/48 MP: 0/0
  3913 | D:4      | Noticed Blork the orc
  3922 | D:4      | Killed Blork the orc
  3923 | D:4      | Reached skill level 5 in Fighting
  3923 | D:4      | Reached XP level 7. HP: 30/54 MP: 0/0
  3923 | D:4      | Learned a level 2 spell: Poisonous Vapours
  5023 | D:4      | Noticed Menkaure
  5480 | D:4      | Found an opulent altar of Gozag.
  5493 | D:4      | Noticed a steam dragon
  5598 | D:4      | Killed a steam dragon
  5599 | D:4      | Reached skill level 6 in Fighting
  6016 | D:4      | Killed from afar by Menkaure

Illustrated notes

Levels and vault maps discovered:
D:1:      amcnicky_arrival_double_pillar, layout_rooms, basic_ecumenical_altar,
          minmay_pentomino_x4
D:2:      layout_loops_cross
D:3:      kennysheep_the_goblin_king, layout_basic, grunt_ashenzari_visionary
          [grunt_ashenzari_visionary_swamp, grunt_ashenzari_visionary_spider],
          uniq_robin, uniq_sigmund, uniq_natasha
D:4:      layout_loops_ring, old_standard_altar, grunt_gozag_statues,
          overflow_temple_1_default, serial_park_tiny_pond, uniq_blork_the_orc,
          uniq_menkaure, uniq_crazy_yiuf_cottage

Skill      XL: |  1  2  3  4  5  6  7 |
---------------+----------------------+-----
Fighting       | 1 2 3 4 5 6 |  6.1
Spellcasting   | 3 4 |  4.3
Dodging        | |  2.2
Stealth        | |  1.6

Action                   |  1- 3 |  4- 6 |  7- 9 || total
-------------------------+-------+-------+-------++-------
Melee: Unarmed           |     1 |       |       ||     1
       Dagger            |     7 |       |       ||     7
       Rapier            |     1 |    29 |    49 ||    79
 Cast: Foxfire           |    67 |    89 |    21 ||   177
       Sticky Flame      |       |     3 |     2 ||     5
       Fireball          |       |       |     2 ||     2
       Inner Flame       |       |       |     2 ||     2
  Use: Potion            |       |     5 |     1 ||     6
       Scroll            |       |       |     2 ||     2
 Stab: Sleeping          |       |     1 |       ||     1
Armor: Robe              |     2 |    12 |    12 ||    26
Dodge: Dodged            |    13 |    39 |    40 ||    92

Table legend: (Time is in decaauts)
 A = Elapsed time spent in this place.
 B = Non-inter-level travel time spent in this place.
 C = Inter-level travel time spent in this place.
 D = Time resting spent in this place.
 E = Time spent auto-exploring this place.
 F = Levels seen in this place.
 G = Mean time per level.
                   A        B        C        D        E       F      G
               +--------+--------+--------+--------+--------+-----+--------+
         Total |   6015 |   5949 |     66 |   2631 |   2623 |   4 | 1503.8 |
       Dungeon |   6015 |   5949 |     66 |   2631 |   2623 |   4 | 1503.8 |
               +--------+--------+--------+--------+--------+-----+--------+

Top non-repeatable levels by time:
     D:4: 1918 daAuts
     D:2: 1637 daAuts
     D:3: 1239 daAuts
     D:1: 1221 daAuts
